Map: King's Cove LE

Players

WeAreLegion

  • Race: Terran Terran
  • League: Silver
  • Spawn Location: 11:00

Aeronomotron - Winner!

  • Race: Terran Terran
  • League: Platinum
  • Spawn Location: 5:00

VOD

Have the link to the VOD?

Description

Time

  • Played on: Dec. 14, 2024, 12:54 a.m.
  • Length: 12:48
Show
View Real Time Build Order
Export as new Build Order

WeAreLegion Terran 

Build Orders: 1/1/1 

Get SALT Encoding   

  12  0:00  SCV  
  13  0:12  SCV  
  14  0:18  Supply Depot  
  14  0:24  SCV  
  15  0:39  SCV  
  15  0:41  Barracks  
  16  0:48  Refinery  
  16  0:51  SCV  
  16  0:56  Refinery  
  17  1:08  SCV  
  18  1:20  SCV  
  19  1:32  Orbital Command  
  19  1:36  Factory  
  19  1:45  Reaper  
  20  1:58  Supply Depot  
  20  1:59  SCV  
  21  2:11  SCV  
  22  2:18  Marine  
  23  2:24  Starport  
  23  2:26  Factory Tech Lab  
  23  2:31  SCV  
  24  2:46  Command Center  
  24  2:48  SCV  
  24  2:51  Barracks Reactor  
  25  3:00  SCV  
  25  3:05  Factory Tech Lab  
  25  3:13  SCV  
  26  3:25  SCV  
  21  3:59  SCV x2  
  21  4:01  Banshee  
  21  4:02  Marine x2  
  26  4:04  Hellion  
  27  4:11  SCV  
  27  4:16  Orbital Command  
  26  4:20  Marine  
  20  5:04  Marine x2  
  22  5:09  SCV  
  22  5:10  SCV  
  24  5:21  SCV  
  24  5:22  Marine  
  24  5:25  Siege Tank  
  29  5:33  SCV x2  
  29  5:34  Marine  
  32  5:39  Marine  
  33  5:45  SCV  
  33  5:46  SCV  
  35  5:51  Marine, Cloaking Field  
  36  5:57  SCV  
  33  6:12  SCV  
  26  6:24  SCV  
  26  6:36  SCV  
  27  6:44  Command Center  
  27  6:47  Barracks  
  27  6:48  SCV  
  28  7:00  SCV  
  29  7:09  Marine x2  
  31  7:18  Raven, SCV  
  31  7:20  Supply Depot  
  34  7:26  Marine  
  35  7:30  SCV  
  35  7:33  Siege Tank  
  39  7:37  Barracks Tech Lab  
  39  7:42  SCV  
  40  7:48  Supply Depot  
  40  7:51  Marine  
  41  7:54  SCV  
  42  8:02  Starport Reactor  
  42  8:06  SCV  
  42  8:12  Barracks  
  43  8:13  Starport Reactor  
  43  8:14  Marine, Stimpack  
  43  8:19  SCV  
  45  8:22  Marine x2  
  47  8:31  SCV  
  48  8:39  Supply Depot  
  39  8:43  SCV  
  32  9:15  SCV  
  33  9:24  Marine x2  
  33  9:25  Marauder  
  33  9:27  SCV  
  38  9:31  Siege Tank  
  41  9:39  SCV  
  41  9:42  Marine x2  
  44  9:46  Marauder  
  46  9:59  Marine  
  43  10:00  Marine  
  45  10:08  Marauder  
  47  10:17  Marine x2  
  49  10:29  Marauder  
  51  10:50  Liberator, Marauder  
  51  10:51  SCV  
  51  10:52  SCV  
  51  10:54  Marine x2  
  60  11:03  SCV  
  61  11:07  Orbital Command  
  61  11:12  Marine x2, Marauder  
  61  11:16  SCV  
  66  11:28  SCV  
  67  11:40  SCV  
  68  11:47  SCV  
  68  11:52  SCV  
  70  12:00  SCV, Command Center  
  57  12:04  SCV  
  46  12:14  Marine x2  
  46  12:15  Marine x2  
Show
View Real Time Build Order
Export as new Build Order

Aeronomotron Terran - Winner!

Build Orders:  

Get SALT Encoding   

  12  0:00  SCV  
  13  0:16  Supply Depot  
  13  0:21  SCV  
  14  0:31  Refinery  
  14  0:35  SCV  
  15  0:51  SCV  
  15  0:57  Barracks  
  16  1:03  SCV  
  17  1:04  Supply Depot  
  17  1:15  SCV  
  18  1:19  Barracks  
  18  1:31  SCV  
  19  1:37  Refinery  
  19  1:44  Reaper  
  19  1:45  SCV  
  21  1:57  SCV  
  22  2:09  Marine  
  23  2:17  SCV  
  23  2:18  Barracks  
  24  2:30  Reaper  
  24  2:31  SCV  
  26  2:43  Barracks Reactor  
  26  2:44  SCV  
  27  2:53  Command Center  
  27  2:58  Orbital Command  
  27  3:03  Reaper  
  28  3:14  Marine  
  29  3:32  Marine  
  29  3:33  Marine  
  31  3:41  Supply Depot  
  31  3:43  Supply Depot  
  31  3:46  Supply Depot  
  31  4:02  Marine x2  
  31  4:03  Marine x2  
  35  4:19  Refinery  
  35  4:20  Marine x2  
  35  4:21  SCV x2  
  38  4:33  SCV x2, Marine x2  
  41  4:38  Marine  
  41  4:42  Refinery  
  40  4:55  Barracks Tech Lab  
  40  5:00  SCV x2  
  40  5:04  Factory  
  40  5:06  Marine x3  
  45  5:12  SCV, Barracks  
  45  5:14  Marine  
  47  5:23  Marine  
  47  5:24  Marine  
  47  5:25  Marine  
  49  5:32  Marine  
  50  5:38  Supply Depot  
  50  5:41  Marine  
  50  5:49  Marine  
  50  5:52  Marine x2  
  54  5:59  Marine  
  54  6:01  Supply Depot  
  53  6:06  SCV x2  
  53  6:07  Marine  
  53  6:08  Supply Depot  
  53  6:09  Factory Tech Lab  
  53  6:18  SCV x2, Marine  
  52  6:19  Marine x2  
  48  6:32  Command Center  
  47  6:33  Siege Tank  
  50  6:41  Combat Shield  
  50  6:47  Engineering Bay  
  50  6:50  Marine x2  
  50  6:53  Orbital Command  
  52  6:57  Supply Depot  
  52  7:07  Barracks Reactor  
  52  7:12  Siege Tank  
  52  7:15  Terran Infantry Weapons Level 1  
  55  7:23  SCV x2, Missile Turret  
  55  7:27  Marine x3  
  55  7:28  Marine  
  61  7:38  SCV x2  
  61  7:39  Starport  
  61  7:43  Marine x2  
  65  7:45  Marine  
  65  7:49  Marine  
  65  7:51  Siege Tank  
  70  7:58  Factory  
  70  8:03  Marine x4  
  74  8:06  Stimpack  
  74  8:14  Armory  
  74  8:18  SCV x3  
  77  8:21  Refinery  
  77  8:22  Marine x4  
  81  8:30  SCV  
  80  8:42  Marine x5  
  80  8:43  Siege Tank  
  80  8:44  Refinery  
  85  8:58  Starport Reactor  
  85  9:00  SCV x3  
  88  9:16  Siege Tank, Marine x2  
  88  9:17  Marine x2  
  90  9:19  SCV x2  
  90  9:22  SCV  
  95  9:25  Missile Turret  
  95  9:31  SCV x2  
  94  9:34  SCV  
  94  9:37  Starport  
  95  9:43  SCV x2  
  95  9:45  Supply Depot  
  93  9:47  Starport  
  93  9:48  Siege Tank  
  94  9:57  Marine x4  
  96  10:11  Supply Depot  
  97  10:14  SCV x2  
  97  10:20  Siege Tank  
  102  10:23  Orbital Command  
  102  10:26  Command Center  
  101  10:34  Command Center  
  101  10:36  Starport Reactor  
  101  10:37  Viking  
  101  10:38  Marine x3  
  101  10:39  Hellion  
  101  10:40  SCV  
  101  10:41  SCV  
  110  10:44  Marine x2  
  112  10:52  Siege Tank  
  112  10:53  SCV x2  
  112  10:56  Marine x2  
  119  10:58  SCV  
  120  11:05  SCV x2  
  120  11:09  Marine x2  
  122  11:18  Medivac x3  
  128  11:31  Factory Tech Lab  
  128  11:32  Liberator  
  128  11:35  Marauder  
  133  11:41  Siege Tank  
  135  11:56  Marauder  
  120  12:06  Marine x3  
  120  12:07  Viking x2  
  124  12:15  Marine x2  
  118  12:17  Marine  
  118  12:23  Marine  
  118  12:28  Marine x2  
Tags
 
Matchup
TvT
Opening
1/1/1
Race
Terran
Replay Pack
December
Spawn Locations
Cross Positions
Add a new tag
Caveats
  • Supply blocks, unpowered buildings, or Contaminate may cause inaccurate times.
  • Supply counts are checked every 10 seconds.